 Dungeon Crawl Stone Soup version 0.22.1-2-g9c5b331383 (webtiles) character file.

117 Descartes the Poker (level 5, -3/45 HPs)
             Began as a Naga Warper on Nov 18, 2018.
             Slain by a goblin
             ... wielding a +0 dagger
              (4 damage)
             ... while paralysed by Grinder
             ... on level 3 of the Dungeon.
             The game lasted 00:08:29 (4552 turns).

Descartes the Poker (Naga Warper)                   Turns: 4552, Time: 00:08:29

Health: -3/45      AC:  3    Str: 15    XL:     5   Next: 1%
Magic:  5/8        EV:  1    Int: 13    God:
Gold:   94         SH:  0    Dex: 10    Spells: 4/8 levels left

rFire    . . .     SeeInvis +   a - +0 spear
rCold    . . .     Gourm    .   (no shield)
rNeg     . . .     Faith    .   b - +0 leather armour
rPois    +         Spirit   .   (no helmet)
rElec    .         Reflect  .   (no cloak)
rCorr    .         Harm     .   (no gloves)
MR       .....                  (no barding)
Stlth    ++........             (no amulet)
HPRegen  0.15/turn              (no ring)
MPRegen  0.11/turn              (no ring)

@: paralysed, very slightly contaminated, very slow
A: large, see invisible, deformed body, poison resistance, slowness 2, slow
metabolism 1, spit poison 1, AC +1
a: Spit Poison


You were on level 3 of the Dungeon.
You were not hungry.

You visited 1 branch of the dungeon, and saw 3 of its levels.

You collected 94 gold pieces.

Inventory:

Hand Weapons
 a - a +0 spear (weapon)
 j - a +0 club
Missiles
 e - 5 tomahawks of dispersal
 g - 21 sling bullets
 i - 63 stones (quivered)
 l - 52 bolts
 q - 19 arrows
Armour
 b - a +0 leather armour (worn)
Scrolls
 d - 2 scrolls of blinking
 h - a scroll of immolation {unknown}
 k - a scroll of teleportation {unknown}
 m - a scroll of random uselessness {unknown}
 n - a scroll of remove curse {unknown}
 o - 2 scrolls of fog {unknown}
Potions
 c - a potion of heal wounds {unknown}
 p - a potion of curing {unknown}
Comestibles
 f - 6 rations


   Skills:
 - Level 2.0 Fighting
 * Level 3.3 Polearms
 - Level 0.8 Throwing
 + Level 1.5 Armour
 + Level 2.1 Dodging
 + Level 2.4 Stealth
 - Level 2.0 Spellcasting
 + Level 1.1 Charms
 + Level 3.2 Translocations


You had 4 spell levels left.
You knew the following spells:

 Your Spells              Type           Power        Failure   Level  Hunger
a - Blink                 Tloc           N/A          13%         2    ###....
b - Shroud of Golubria    Chrm/Tloc      #.........   19%         2    ###....

Your spell library contained the following spells:

 Spells                   Type           Power        Failure   Level  Hunger
 Gell's Gravitas          Tloc           #.........   26%         3    ####...
 Lesser Beckoning         Tloc           #.........   26%         3    ####...
 Teleport Other           Tloc           #.......     26%         3    ####...
 Passage of Golubria      Tloc           N/A          63%         4    #####..


Dungeon Overview and Level Annotations

Branches:
Dungeon (3/15)

Altars:

Annotations:
D:3 Grinder


Innate Abilities, Weirdness & Mutations

You cannot wear boots.
Your serpentine skin is tough. (AC +1)
You have supernaturally acute eyesight. (SInv)
Armour fits poorly on your strangely shaped body.
Your system is resistant to poisons. (rPois)
You cover ground very slowly.
You have a slow metabolism.
You can spit poison.


Message History

You kill the quokka!
Grinder hits you!
You writhe in agony.
You hit Grinder but do no damage. Grinder gestures at you.
You resist with some effort.
You barely miss Grinder. Grinder gestures at you.
You suddenly lose the ability to move!
The goblin hits you but does no damage. Grinder gestures at you.
Pain shoots through your body! The goblin hits you with a dagger.
Grinder hits you.
You writhe in agony.
The goblin hits you with a dagger. Grinder hits you.
You writhe in agony.
* * * LOW HITPOINT WARNING * * *
The goblin hits you but does no damage. Grinder hits you.
* * * LOW HITPOINT WARNING * * *
You writhe in agony.
* * * LOW HITPOINT WARNING * * *
The goblin hits you with a dagger.
You die...

#.# #.#...####
#.#.......
#.#.......
#.#..!....
#.#....... #$
#.#.....#
.#...#.#5....#
........@†....#
#.#.....g.....#
.........>#...#
#.#..##.#.# ..#
. #.. #.#.# ...
#. ..... .. ..
..#.#. # ... ..


You could see Grinder and a goblin.

Vanquished Creatures
  6 adders
  A worm (D:2)
  An orc (D:3)
  3 giant cockroaches
  3 goblins
  8 hobgoblins
  14 jackals
  A quokka (D:3)
  A ball python (D:1)
  7 bats
  2 frilled lizards (D:2)
  4 kobolds (D:2)
  5 rats
56 creatures vanquished.

Notes
Turn   | Place    | Note
-------+----------+-------------------------------------------
     0 | D:1      | Descartes the Naga Warper began the quest for the Orb.
     0 | D:1      | Reached XP level 1. HP: 19/19 MP: 3/3
   484 | D:1      | Reached skill level 1 in Armour
   484 | D:1      | Reached XP level 2. HP: 18/26 MP: 5/5
   587 | D:1      | Learned a level 2 spell: Blink
   590 | D:1      | Learned a level 2 spell: Shroud of Golubria
   599 | D:1      | Reached skill level 1 in Stealth
  1266 | D:1      | Reached XP level 3. HP: 25/32 MP: 6/6
  2803 | D:2      | Reached XP level 4. HP: 37/39 MP: 7/7
  3891 | D:2      | Reached skill level 1 in Charms
  4066 | D:2      | Reached XP level 5. HP: 3/45 MP: 8/8
  4543 | D:3      | Noticed Grinder
  4548 | D:3      | Paralysed by Grinder for 5 turns
  4552 | D:3      | HP: 1/45 [Grinder (3)]
  4552 | D:3      | Slain by a goblin

Skill      XL: |  1  2  3  4 |
---------------+-------------+-----
Armour         | 1 |  1.5
Stealth        | 1 2 |  2.4
Dodging        | 2 |  2.1
Polearms       | 3 |  3.3
Charms         | 1 |  1.1
Fighting       | |  2.0
Throwing       | |  0.8
Spellcasting   | |  2.0
Translocations | |  3.2

Action                   |  1- 3 |  4- 6 || total
-------------------------+-------+-------++-------
Melee: Spear             |   193 |   125 ||   318
Throw: Stone             |       |     2 ||     2
 Cast: Shroud of Golubri |     3 |     4 ||     7
 Abil: Spit Poison       |       |     1 ||     1
 Stab: Sleeping          |     1 |     2 ||     3
  Eat: Chunk             |     4 |     5 ||     9
Armor: Leather armour    |    42 |    31 ||    73
Dodge: Dodged            |   100 |    54 ||   154
